 Dungeon Crawl Stone Soup version 0.28-a0-1233-g92def6ad0a (webtiles) character file.

Game seed: 6069151466863680771

35 Lekart the Skirmisher (level 3, 0/33 HPs)
             Began as a Draconian Chaos Knight on Dec 23, 2021.
             Was a Plaything of Xom.
             Slain by an iguana (12 damage)
             ... on level 2 of the Dungeon.
             The game lasted 00:01:15 (647 turns).

Lekart the Skirmisher (Draconian Chaos Knight)       Turns: 647, Time: 00:01:15

Health: 0/33       AC:  5    Str: 14    XL:     3   Next: 17%
Magic:  3/3        EV: 12    Int: 12    God:    Xom [......]
Gold:   88         SH:  0    Dex: 12    Spells: 2/2 levels left

rFire   . . .      SeeInvis .   a - +0 hand axe (chaos)
rCold   . . .      Faith    .   (no shield)
rNeg    . . .      Spirit   .   (armour unavailable)
rPois   .          Reflect  .   (helmet restricted)
rElec   .          Harm     .   (no cloak)
rCorr   .          Rampage  .   (no gloves)
Will    +....                   (no boots)
Stlth   +.........              (no amulet)
HPRegen 0.11/turn               b - ring of willpower
MPRegen 0.08/turn               (no ring)

@: no status effects
A: AC +5, unfitting armour, cold-blooded
a: Renounce Religion


You were on level 2 of the Dungeon.
You worshipped Xom.
You were a very special plaything of Xom.
You visited 1 branch of the dungeon, and saw 2 of its levels.

You collected 88 gold pieces.

Inventory:

Hand Weapons
 a - a +0 hand axe of chaos (weapon)
Jewellery
 b - a ring of willpower (left hand)
Scrolls
 c - a scroll of identify {unknown}
 f - a scroll of noise {unknown}
Potions
 e - a potion of haste {unknown}


   Skills:
 + Level 3.7 Fighting
 + Level 3.5 Axes
 + Level 2.6 Dodging
 + Level 0.2 Stealth


You had 2 spell levels left.
You didn't know any spells.
Your spell library was empty.

Dungeon Overview and Level Annotations

Branches:
Dungeon (2/15)

Altars:


Innate Abilities, Weirdness & Mutations

Your plain brown scales are hard. (AC +5)
You cannot fit into any form of body armour.
You are cold-blooded and may be slowed by cold attacks.


Message History

You hit the adder. You burn the adder. You tail-slap the adder.
You kill the adder!
You hit the iguana but do no damage.
The iguana is poisoned.
You hit the jackal. The jackal bites you. The iguana bites you!
You have reached level 3!
Your experience leads to an increase in your attributes!
Increase (S)trength, (I)ntelligence, or (D)exterity?
You feel agile. x2; Your scales feel tougher.
You are too injured to fight recklessly!
You are too injured to fight recklessly!
You are too injured to fight recklessly!
You are too injured to fight recklessly!
Unknown command.
You are too injured to fight recklessly!
You are too injured to fight recklessly!
You barely miss the jackal.
The jackal is severely wounded.
You hit the goblin. You barely miss the iguana.
The jackal bites you but does no damage.
The goblin hits you with a +0 club. The iguana misses you.
The jackal completely misses you.
You hit the jackal.
You kill the jackal!
You hit the goblin. You burn the goblin.
You kill the goblin!
You closely miss the jackal. You barely miss the hobgoblin.
You hit the iguana but do no damage.
The iguana looks even sicker.
The hobgoblin closely misses you.
The jackal bites you but does no damage.
The iguana bites you.
You hit the iguana.
The iguana seems to slow down.
You freeze the iguana.
The iguana is heavily wounded.
You hit the jackal.
The jackal appears confused.
You hit the jackal. You hit the hobgoblin but do no damage.
The jackal bites you but does no damage.
The hobgoblin barely misses you.
The jackal bites you but does no damage.
The iguana bites you!
You die... "What!?
That's it?"

.. ............
..##.#...#.....
#.........#....
...............
...............
#......<......l
......h....##.#
......).l.###.#
......h@gg....#
.......†)....##
..##...#.##....
# ###. .# .##.
#. .# # .. .#
.. .. ##. ..


You could see an iguana (very poisoned, slow), 2 jackals, a hobgoblin and a
goblin.

Vanquished Creatures
  An adder (D:2)
  A dart slug (D:2)
  2 endoplasms (D:1)
  2 goblins
  3 hobgoblins (D:1)
  A jackal (D:2)
  3 kobolds
  2 ball pythons (D:1)
  4 bats (D:1)
  3 frilled lizards (D:1)
  2 rats (D:1)
24 creatures vanquished.

Notes
Turn   | Place    | Note
-------+----------+-------------------------------------------
     0 | D:1      | Lekart the Draconian Chaos Knight began the quest for the
                  | Orb.
     0 | D:1      | Reached XP level 1. HP: 19/19 MP: 1/1
    94 | D:1      | XOM: divination: magic mapping
   142 | D:1      | Reached XP level 2. HP: 26/26 MP: 2/2
   217 | D:1      | XOM: silly message
   645 | D:2      | Reached XP level 3. HP: 16/33 MP: 3/3
   647 | D:2      | Slain by an iguana

Illustrated notes

Levels and vault maps discovered:
D:1:      dpeg_arrival_simpleton_c, layout_rooms, minmay_heptomino_l4
D:2:      layout_rooms, basic_altar

Action                   || total
-------------------------++-------
Melee: Hand axe          ||    59
       Tailslap          ||     4
  Use: Potion            ||     1
Armor: Skin              ||    34
Dodge: Dodged            ||    58

Table legend: (Time is in decaauts)
 A = Elapsed time spent in this place.
 B = Non-inter-level travel time spent in this place.
 C = Inter-level travel time spent in this place.
 D = Time resting spent in this place.
 E = Time spent auto-exploring this place.
 F = Levels seen in this place.
 G = Mean time per level.
                   A        B        C        D        E       F      G
               +--------+--------+--------+--------+--------+-----+--------+
         Total |    656 |    638 |     18 |      0 |    511 |   2 |  328.0 |
       Dungeon |    656 |    638 |     18 |      0 |    511 |   2 |  328.0 |
               +--------+--------+--------+--------+--------+-----+--------+

Top non-repeatable levels by time:
     D:1: 643 daAuts
     D:2: 12 daAuts
